 Dungeon Crawl Stone Soup version 0.26-a0-651-gb41185065b (webtiles) character file.

Game seed: 8925175078582136575

84406 Flugslaktarn the Severer (level 15, -5/148 HPs)
             Began as a Deep Dwarf Fighter on Oct 19, 2020.
             Was the Champion of Makhleb.
             Shot with a bolt by Vashnia (26 damage)
             ... on level 3 of the Snake Pit.
             The game lasted 00:11:04 (15471 turns).

Flugslaktarn the Severer (Deep Dwarf Fighter)      Turns: 15471, Time: 00:11:05

Health: -5/148     AC: 27    Str: 27    XL:     15   Next: 35%
Magic:  14/14      EV: 11    Int:  9    God:    Makhleb [******]
Gold:   2408       SH: 16    Dex: 17    Spells: 14/14 levels left

rFire    + . .     SeeInvis +   B - +0 broad axe (venom)
rCold    . . .     Faith    .   c - +0 kite shield
rNeg     + . .     Spirit   .   G - +0 plate armour
rPois    .         Reflect  +   m - +2 helmet {SInv}
rElec    .         Harm     .   D - +0 cloak
rCorr    .         Rampage  .   o - +2 pair of gloves
MR       ++...                  I - +2 pair of boots
Stlth    ..........             y - amulet of reflection
HPRegen  0.00/turn              f - ring of protection from fire
MPRegen  0.14/turn              d - +6 ring of strength

@: lethally poisoned (-5 -> -25), non-regenerating
A: damage resistance, heal wounds, negative energy resistance 1, sense
surroundings 2, no regeneration
a: Heal Wounds, Minor Destruction, Lesser Servant of Makhleb, Major Destruction,
Greater Servant of Makhleb, Renounce Religion


You were on level 3 of the Snake Pit.
You worshipped Makhleb.
Makhleb was exalted by your worship.
You visited 5 branches of the dungeon, and saw 24 of its levels.

You collected 2408 gold pieces.

Inventory:

Hand Weapons
 B - a +0 broad axe of venom (weapon)
   (You found it on level 12 of the Dungeon)
Armour
 c - a +0 kite shield (worn)
 m - a +2 helmet of see invisible (worn)
   (You found it on level 10 of the Dungeon)
 o - a +2 pair of gloves (worn)
   (You found it on level 8 of the Dungeon)
 D - a +0 cloak (worn)
   (You found it on level 6 of the Dungeon)
 G - a +0 plate armour (worn)
   (You took it off an orc warrior on level 7 of the Dungeon)
 I - a +2 pair of boots (worn)
   (You found it on level 13 of the Dungeon)
Jewellery
 d - a +6 ring of strength (right hand)
   (You found it on level 1 of the Dungeon)
 f - a ring of protection from fire (left hand)
   (You found it on level 9 of the Dungeon)
 k - an uncursed ring of resist corrosion
   (You found it on level 6 of the Dungeon)
 y - an amulet of reflection (around neck)
   (You found it on level 9 of the Dungeon)
Wands
 a - a wand of paralysis (6)
   (You found it on level 13 of the Dungeon)
 g - a wand of digging (6)
   (You took it off a wight on level 10 of the Dungeon)
 E - a wand of acid (5)
   (You found it on level 6 of the Dungeon)
Scrolls
 j - 2 scrolls of fear
 l - 3 scrolls of magic mapping
 r - 4 scrolls of identify
 s - a scroll of silence
 t - a scroll of teleportation
 v - a scroll of fog
 x - 13 scrolls of remove curse
 F - 3 scrolls of immolation
 H - a scroll of enchant armour
Potions
 b - 2 potions of mutation
 e - 4 potions of ambrosia
 h - 2 potions of haste
 i - a potion of cancellation
 n - a potion of resistance
 q - 4 potions of curing
 u - a potion of lignification
 w - 3 potions of heal wounds
 z - a potion of flight
Miscellaneous
 C - a tin of tremorstones (inert)
   (You found it on level 3 of the Lair of Beasts)


   Skills:
 * Level 13.6 Fighting
 * Level 15.6 Axes
 + Level 11.8 Armour
 - Level 9.0 Dodging
 - Level 6.3 Shields
 + Level 11.9 Invocations
 - Level 10.0 Evocations


You had 14 spell levels left.
You didn't know any spells.
Your spell library was empty.

Dungeon Overview and Level Annotations

Branches:
Dungeon (15/15)            Temple (1/1) D:4            Lair (3/6) D:8
  Swamp (0/4) Lair:3        Snake (3/4) Lair:3          Orc (2/2) D:9
    Elf (0/3) Orc:2        Vaults (0/5) D:13         Depths (0/5) D:15

Altars:
Ashenzari
Cheibriados
Dithmenos
Elyvilon
Fedhas
Gozag
Hepliaklqana
Kikubaaqudgha
Makhleb
Nemelex Xobeh
Okawaru
Qazlal
Ru
Sif Muna
Trog
Uskayaw
Vehumet
Wu Jian
Xom
Yredelemnul
Zin
The Shining One

Shops:
D:8 =   D:14 (   Orc:2 [[*!

Portals:
Trove: D:13 (give 6 scrolls of fog)

Annotations:
D:10 exclusion: obsidian statue
D:11 1 runed translucent door, arkorax's ghost, journeyman NaWz
D:14 1 exclusion
Snake:3 Vashnia
Orc:1 3 runed translucent doors, PeterLawrence's ghost, journeyman MiFi


Innate Abilities, Weirdness & Mutations

You are resistant to damage.
You can heal yourself by infusing magical energy.
You resist negative energy. (rN+)
You passively map the area around you.
You do not regenerate.


Message History

A demon appears!
You feel very sick.
Your Executioner gestures.
Your Executioner seems to speed up.
Vashnia spits poison at you.
The splash of poison hits you but does no damage.
You are more poisoned.
Your Executioner hits Vashnia!
Your Executioner hits Vashnia but does no damage. x2
You fail to use your ability.
You feel very sick.
Your Executioner hits Vashnia but does no damage. x2
Your Executioner hits Vashnia.
Your Executioner barely misses Vashnia.
Your Executioner hits Vashnia but does no damage. x2
The naga sharpshooter shoots a bolt.
The bolt hits you!
* * * LOW HITPOINT WARNING * * *
The naga sharpshooter shoots an arrow.
The arrow hits you!
* * * LOW HITPOINT WARNING * * *
Vashnia shoots a bolt.
The bolt hits you!!
You die...

,, ##................. ,
,.....#....?.............
.....#..................
,, ,,
.....##.................
,
..N......N.............#
,
.........†........###./.
,, .....21)))((......#
#...
......N..†.†......###...
,....(.(@.S.N............
* , ,,
.....N)#####............
* , ,, ....((.*
#............ , ...((..
#...S......(. , ...(...
............. , , .......
.............. ,,
......., .........###...
, ....... , ,.... , * , ,
,,, ,,


You could see Vashnia (catching breath), 3 naga sharpshooters, a salamander
(fast), a black mamba, a friendly cacodemon (summoned) and a friendly
Executioner (summoned, fast).

Vanquished Creatures
  A nagaraja (Snake:3)
  A stone giant (Orc:1)
  Snorg (D:14)
  A naga warrior (Snake:2)
  8 vault guards (D:13)
  A hydra (D:12)
  An anaconda (Snake:1)
  A centaur warrior (D:13)
  12 two-headed ogres
  3 ogre magi
  3 shock serpents
  4 naga sharpshooters
  Nergalle (Lair:3)
  2 deep trolls (Orc:2)
  A salamander mystic (Snake:3)
  3 naga ritualists
  A deep elf mage (D:15)
  Pikel (D:8)
  An orc knight (Orc:1)
  5 mana vipers
  5 ugly things
  5 cyclopes
  A manticore (D:12)
  8 salamanders
  7 naga magi
  16 black mambas
  3 gargoyles
  4 cane toads
  A komodo dragon (Lair:1)
  A tengu conjurer (D:14)
  An efreet (D:15)
  A meliai (shapeshifter) (D:13)
  3 meliai (D:12)
  12 trolls
  5 tyrant leeches (Lair:3)
  2 hornets (D:12)
  5 slime creatures (D:14)
  A harpy skeleton (D:15)
  5 blink frogs (Lair:3)
  4 hippogriffs
  A vampire (D:13)
  A shadow (D:14)
  3 wyverns
  23 yaks
  A basilisk (D:12)
  A swamp worm (Lair:3)
  2 wargs (Orc:1)
  An acid dragon (D:14)
  13 nagas
  12 water moccasins
  15 soldier ants (Lair:3)
  5 porcupines
  5 ice beasts
  14 orc warriors
  A black bear (D:11)
  4 sky beasts
  4 eyes of draining
  A hornet zombie (D:10)
  32 ogres
  2 phantoms
  13 wolves
  8 centaurs
  3 crocodiles
  4 big kobolds
  8 bullfrogs
  3 gnoll sergeants (D:9)
  A water moccasin zombie (D:9)
  3 scorpions
  6 killer bees
  9 wights
  An electric eel (D:10)
  12 howler monkeys
  2 crimson imps (D:7)
  3 centaur zombies
  A quasit (D:7)
  5 hounds
  11 orc wizards
  12 orc priests
  3 bullfrog skeletons
  7 centaur skeletons
  27 worker ants
  3 iguanas
  A hound skeleton (D:4)
  A howler monkey zombie (D:5)
  2 worker ant zombies
  5 gnolls
  22 adders
  A howler monkey skeleton (D:10)
  4 shadow imps
  4 white imps
  3 ufetubi
  2 oozes
  An adder zombie (D:9)
  A worm (D:2)
  2 dart slugs (D:4)
  6 leopard geckos
  73 orcs
  4 ball pythons
  5 bats
  4 giant cockroaches
  5 hobgoblins
  5 jackals
  5 quokkas
  4 frilled lizards
  9 goblins
  A jackal skeleton (D:4)
  12 kobolds
  2 rats
612 creatures vanquished.

Vanquished Creatures (collateral kills)
  4 hydras
  A catoblepas (Lair:3)
  A two-headed ogre (D:12)
  A queen ant (Lair:3)
  3 ugly things
  A manticore (D:11)
  A centaur zombie (D:15)
  2 cane toads (Lair:3)
  A centaur skeleton (D:11)
  5 soldier ants (Lair:3)
  A water moccasin (Lair:3)
  A black bear (D:11)
  An orc warrior (D:12)
  2 worker ants (Lair:3)
  3 kobolds (D:14)
28 creatures vanquished.

Vanquished Creatures (others)
  A black mamba (Snake:3)
  2 nagas
  A human (D:10)
  A jelly (D:7)
  A kobold (D:14)
  14 fungi
  22 plants
42 creatures vanquished.

Grand Total: 682 creatures vanquished

Notes
Turn   | Place    | Note
-------+----------+-------------------------------------------
     0 | D:1      | Flugslaktarn the Deep Dwarf Fighter began the quest for the
                  | Orb.
     0 | D:1      | Reached XP level 1. HP: 20/20 MP: 1/1
   186 | D:2      | Reached XP level 2. HP: 17/27 MP: 2/2
   330 | D:3      | Reached XP level 3. HP: 20/34 MP: 3/3
   340 | D:3      | Reached skill level 3 in Axes
   505 | D:4      | Found a staircase to the Ecumenical Temple.
   553 | Temple   | Entered the Ecumenical Temple
   810 | D:4      | Reached XP level 4. HP: 24/42 MP: 4/4
   841 | D:4      | Reached XP level 5. HP: 44/50 MP: 5/5
   955 | D:4      | Reached skill level 4 in Axes
  1018 | D:4      | Found a hazy altar of Hepliaklqana.
  1390 | D:4      | Reached XP level 6. HP: 50/57 MP: 6/6
  1642 | D:5      | Entered Level 5 of the Dungeon
  1760 | D:5      | Reached skill level 5 in Axes
  1760 | D:5      | Reached XP level 7. HP: 52/66 MP: 6/6
  1951 | D:5      | Reached skill level 5 in Fighting
  2116 | D:5      | Reached skill level 5 in Armour
  2246 | D:5      | Found a shadowy altar of Dithmenos.
  2378 | D:6      | Reached skill level 5 in Shields
  2412 | D:6      | Reached skill level 6 in Axes
  2421 | D:6      | Reached XP level 8. HP: 30/76 MP: 7/7
  2428 | D:6      | Found a broken altar of Ashenzari.
  2747 | D:6      | Found a sacrificial altar of Ru.
  2816 | D:6      | Reached skill level 7 in Axes
  2836 | D:6      | Found a stormy altar of Qazlal.
  3311 | D:2      | Found a bloodstained altar of Trog.
  3329 | D:2      | Found an opulent altar of Gozag.
  3499 | D:2      | Found a glowing golden altar of the Shining One.
  3680 | D:7      | Found a glowing silver altar of Zin.
  3843 | D:7      | Found a bloodstained altar of Trog.
  3861 | D:7      | Gained mutation: You passively map the area around you.
                  | [Deep Dwarf growth]
  3861 | D:7      | Reached XP level 9. HP: 49/85 MP: 0/6
  4098 | D:7      | Found a radiant altar of Vehumet.
  4122 | D:7      | Found a shimmering altar of Xom.
  4122 | D:7      | Found a burning altar of Makhleb.
  4123 | D:7      | Reached skill level 8 in Axes
  4142 | D:7      | Became a worshipper of Makhleb the Destroyer
  4320 | D:7      | Found an ornate altar of the Wu Jian Council.
  4426 | D:8      | Found Kohohar's Jewellery Emporium.
  4496 | D:8      | Found a staircase to the Lair.
  4499 | D:8      | Reached skill level 1 in Invocations
  4502 | D:8      | Noticed a troll
  4503 | D:8      | Reached skill level 1 in Evocations
  4511 | D:8      | Reached skill level 1 in Dodging
  4541 | D:8      | Killed a troll
  4673 | D:8      | Reached * piety under Makhleb
  4761 | D:8      | Found a hide-covered altar of Uskayaw.
  4794 | D:8      | Noticed Pikel
  4809 | D:8      | Killed Pikel
  4809 | D:8      | Reached skill level 9 in Axes
  4827 | D:8      | Reached XP level 10. HP: 66/96 MP: 8/8
  5183 | D:9      | Reached ** piety under Makhleb
  5316 | D:9      | Found a staircase to the Orcish Mines.
  5366 | D:9      | Reached skill level 10 in Axes
  5413 | D:9      | Reached skill level 5 in Invocations
  5451 | D:9      | Reached skill level 5 in Evocations
  5499 | D:9      | Reached XP level 11. HP: 82/106 MP: 10/10
  5731 | D:9      | Reached *** piety under Makhleb
  5900 | D:10     | Entered Level 10 of the Dungeon
  5917 | D:10     | Noticed an obsidian statue
  6083 | D:10     | Found an ancient bone altar of Kikubaaqudgha.
  6581 | D:10     | Noticed a soul eater
  6607 | D:10     | Noticed a sun demon
  6694 | D:11     | Noticed a white ugly thing
  6702 | D:11     | Noticed a brown ugly thing
  6710 | D:11     | Killed a brown ugly thing
  6716 | D:11     | Killed a purple ugly thing
  6716 | D:11     | Reached skill level 5 in Dodging
  6759 | D:11     | Reached skill level 11 in Axes
  6867 | D:11     | Noticed a two-headed ogre
  6876 | D:11     | Killed a two-headed ogre
  6902 | D:11     | Found a runed translucent door.
  6903 | D:11     | Noticed a deep troll
  6906 | D:11     | Noticed arkorax's ghost (journeyman NaWz)
  6930 | D:11     | Reached **** piety under Makhleb
  7201 | D:12     | Noticed a two-headed ogre
  7212 | D:12     | Killed a two-headed ogre
  7212 | D:12     | Reached skill level 10 in Fighting
  7587 | D:12     | Noticed a four-headed hydra
  7608 | D:12     | Killed an eight-headed hydra
  7770 | D:12     | Reached XP level 12. HP: 54/116 MP: 10/10
  7815 | D:12     | Got a pair of crude gloves
  7826 | D:12     | Identified the +1 pair of gloves "Orymoy" {Int+5} (You
                  | found it on level 12 of the Dungeon)
  8208 | D:12     | Noticed a seven-headed hydra
  8221 | D:12     | Killed a seven-headed hydra
  8399 | D:13     | Noticed a centaur warrior
  8405 | D:13     | Killed a centaur warrior
  8632 | D:13     | Found a portal to a secret trove of treasure.
  8732 | D:13     | Reached skill level 12 in Axes
  8777 | D:13     | Noticed a vault guard
  8777 | D:13     | Noticed a vault guard
  8777 | D:13     | Noticed a vault guard
  8778 | D:13     | Found a gate to the Vaults.
  8778 | D:13     | Noticed a vault guard
  8778 | D:13     | Noticed a vault guard
  8778 | D:13     | Noticed a vault guard
  8779 | D:13     | Noticed a vault guard
  8795 | D:13     | Killed a vault guard
  8813 | D:13     | Killed a vault guard
  8815 | D:13     | Noticed a vault guard
  8818 | D:13     | Killed a vault guard
  8821 | D:13     | Killed a vault guard
  8834 | D:13     | Killed a vault guard
  8834 | D:13     | Killed a vault guard
  8846 | D:13     | Killed a vault guard
  8857 | D:13     | Killed a vault guard
  9025 | D:13     | Found a hazy altar of Hepliaklqana.
  9345 | D:14     | Found Beoret's Antique Weapon Emporium.
  9547 | D:14     | Reached XP level 13. HP: 48/127 MP: 11/11
  9699 | D:14     | Noticed Snorg
  9715 | D:14     | Killed Snorg
 10023 | D:14     | Reached ***** piety under Makhleb
 10187 | D:15     | Entered Level 15 of the Dungeon
 10569 | D:15     | Reached skill level 13 in Axes
 10591 | D:15     | Reached skill level 10 in Armour
 11188 | Lair:1   | Entered Level 1 of the Lair of Beasts
 12546 | Lair:3   | Found a staircase to the Swamp.
 12672 | Lair:3   | Found a staircase to the Snake Pit.
 12683 | Lair:3   | Noticed Nergalle
 12708 | Lair:3   | Killed Nergalle
 12716 | Lair:3   | Reached skill level 10 in Evocations
 12739 | Lair:3   | Gained mutation: You resist negative energy. (rN+) [Deep
                  | Dwarf growth]
 12739 | Lair:3   | Reached XP level 14. HP: 138/138 MP: 12/12
 12779 | Lair:3   | Reached skill level 10 in Invocations
 13427 | Snake:1  | Entered Level 1 of the Snake Pit
 13557 | Orc:1    | Entered Level 1 of the Orcish Mines
 13573 | Orc:1    | Reached skill level 14 in Axes
 13701 | Orc:2    | Entered Level 2 of the Orcish Mines
 13836 | Orc:2    | Found Usuazipn's Armour Boutique.
 13872 | Orc:2    | Found Tiny's Assorted Antiques.
 13887 | Orc:2    | Found Wuihiat's Distillery.
 13898 | Orc:2    | Found Tiuhomm's Armour Shop.
 13939 | Orc:2    | Found a staircase to the Elven Halls.
 14336 | Orc:1    | Noticed a stone giant
 14354 | Orc:1    | Killed a stone giant
 14401 | Orc:1    | Found a runed translucent gate.
 14401 | Orc:1    | Found a runed translucent gate.
 14401 | Orc:1    | Found a runed translucent gate.
 14536 | Orc:1    | Noticed PeterLawrence's ghost (journeyman MiFi)
 15054 | Snake:2  | Reached ****** piety under Makhleb
 15054 | Snake:2  | Reached skill level 15 in Axes
 15198 | Snake:2  | Reached XP level 15. HP: 128/148 MP: 14/14
 15409 | Snake:3  | Noticed a nagaraja
 15422 | Snake:3  | Killed a nagaraja
 15445 | Snake:3  | Noticed Vashnia
 15471 | Snake:3  | Shot with a bolt by Vashnia

Illustrated notes

Levels and vault maps discovered:
D:1:      minmay_arrival_three_doors, layout_loops_ring, minivault_27
D:2:      layout_basic, nicolae_overflow_hidden_temple, tso_metal_star,
          trog_three_pillars_becter
D:3:      layout_rooms
D:4:      minmay_polygon_palace, layout_loops_corners, kennysheep_mini,
          minmay_temple_entry_waves
D:5:      layout_loops_ring, grunt_dithmenos_shadows
D:6:      layout_basic, cheibrodos_ashenzari_chains, marbit_many_paths,
          lemuel_doored_altar, chequers_mini_garden
D:7:      layout_rooms, grunt_temple_overflow_champion_of_chaos,
          fiery_altar_vehumet, kennysheep_little_box, trog_eyes_of_draining,
          basic_altar, minmay_fire_ice_demons
D:8:      layout_rooms, eat_drink_and_be_merry_uskayaw, erik_lair_island,
          serial_shops, nicolae_shop_crystal, special_room [special_room_orc],
          uniq_pikel
D:9:      layout_long_grid, kennysheep_orc_monster_closet_entryway,
          serial_glass, glass_columns_a, glass_columns_b, minivault_16
D:10:     cheibrodos_helix_gallery, layout_loops_cross, minivault_16,
          tgw_kikubaaqudgha
D:11:     layout_rooms, ebering_ghost_inner_flame
D:12:     layout_layer_cave, hangedman_decor_slide_cut, kennysheep_cross_room
D:13:     layout_loops_ring, erik_vaults_2, basic_altar, enter_trove_2
D:14:     layout_basic, minivault_19, serial_shops, shop_coins, tgw_sif,
          uniq_snorg
D:15:     grunt_enter_depths_hoard, layout_basic, chequers_decorated_corner,
          minmay_misc_feat_five
Temple:   nicolae_temple_figure_zero
Lair:1:   layout_small_grid
Lair:2:   layout_cave_pods
Lair:3:   layout_gridlike, minmay_swamp_entry_worms,
          minmay_snake_entry_six_corridors, eino_small_chamber_without_monster,
          minivault_29, serial_bayou_shore_b, uniq_nergalle
Snake:1:  layout_concentric_octagons, st_stairs_5
Snake:2:  layout_gridlike, nicolae_snake_salamander_stairs
Snake:3:  layout_grid_shapes, uniq_vashnia
Orc:1:    layout_caves, serial_shops, shop, gammafunk_ghost_necromancy
Orc:2:    st_orc_open, layout_caves

Skill      XL: |  1  2  3  4  5  6  7  8  9 10 11 12 13 14 |
---------------+-------------------------------------------+-----
Fighting       | 3 4 5 6 7 9 10 11 12 13 | 13.6
Axes           | 3 4 5 6 7 9 10 11 12 13 15 | 15.6
Armour         | 4 5 6 7 8 9 10 11 | 11.8
Shields        | 4 5 6 |  6.3
Invocations    | 3 5 6 8 9 11 | 11.9
Evocations     | 3 5 6 8 10 | 10.0
Dodging        | 2 4 5 7 8 9 |  9.0

Action                   |  1- 3 |  4- 6 |  7- 9 | 10-12 | 13-15 || total
-------------------------+-------+-------+-------+-------+-------++-------
Melee: War axe           |    93 |    89 |   460 |   498 |       ||  1140
       Broad axe         |       |       |       |   246 |   973 ||  1219
Invok: Lesser Servant of |       |       |       |     7 |    14 ||    21
       Greater Servant o |       |       |       |       |     2 ||     2
 Abil: Heal Wounds       |     1 |     4 |    15 |    18 |    11 ||    49
Evoke: Wand              |       |       |       |     6 |     6 ||    12
       Tin of tremorston |       |       |       |       |     6 ||     6
  Use: Scroll            |       |       |    17 |    10 |     6 ||    33
       Potion            |       |       |     1 |     3 |     4 ||     8
 Stab: Distracted        |       |       |       |     1 |     5 ||     6
Armor: Scale mail        |    53 |    47 |     8 |       |       ||   108
       Chain mail        |       |       |   146 |       |       ||   146
       Plate armour      |       |       |   149 |   415 |   541 ||  1105
Dodge: Dodged            |    39 |    31 |   124 |   237 |   382 ||   813
Block: Kite shield       |    72 |    55 |   307 |   682 |   982 ||  2098
       Reflection        |       |       |       |    22 |    44 ||    66

Table legend: (Time is in decaauts)
 A = Elapsed time spent in this place.
 B = Non-inter-level travel time spent in this place.
 C = Inter-level travel time spent in this place.
 D = Time resting spent in this place.
 E = Time spent auto-exploring this place.
 F = Levels seen in this place.
 G = Mean time per level.
                   A        B        C        D        E       F      G
               +--------+--------+--------+--------+--------+-----+--------+
         Total |  15649 |  14384 |   1265 |      0 |  10229 |  24 |  652.0 |
       Dungeon |  11416 |  10536 |    880 |      0 |   7435 |  15 |  761.1 |
        Temple |    117 |    108 |      9 |      0 |    107 |   1 |  117.0 |
          Lair |   2355 |   2145 |    210 |      0 |   1643 |   3 |  785.0 |
     Snake Pit |    617 |    608 |      9 |      0 |    277 |   3 |  205.7 |
  Orcish Mines |   1141 |    986 |    155 |      0 |    767 |   2 |  570.5 |
               +--------+--------+--------+--------+--------+-----+--------+

Top non-repeatable levels by time:
    D:12: 1245 daAuts
     D:4: 1232 daAuts
  Lair:3: 1150 daAuts
    D:14: 1030 daAuts
    D:13: 880 daAuts
    D:15: 849 daAuts
     D:9: 843 daAuts
     D:8: 839 daAuts
     D:7: 781 daAuts
     D:5: 777 daAuts
    D:10: 742 daAuts
  Lair:2: 734 daAuts
   Orc:2: 682 daAuts
     D:6: 555 daAuts
     D:2: 549 daAuts
